 Dungeon Crawl Stone Soup version 0.29.0-4-gdea44cf6ec (webtiles) character file.

Game seed: 17012635543692435867

34 qw the Caller (level 3, 0/29 HPs)
             Began as a Ghoul Summoner on Sept 10, 2022.
             Slain by a jackal (1 damage)
             ... on level 1 of the Dungeon.
             The game lasted 00:00:37 (1860 turns).

qw the Caller (Ghoul Summoner)                      Turns: 1860, Time: 00:00:38

Health: 0/29       AC:  2    Str: 13    XL:     3   Next: 31%
Magic:  0/4        EV: 12    Int: 10    God:
Gold:   47         SH:  0    Dex:  9    Spells: 4/5 levels left

rFire   . . .      SeeInvis .   c - +0 short sword
rCold   + . .      Faith    .   (no shield)
rNeg    + + +      Spirit   .   a - +0 robe
rPois   inf        Reflect  .   (no helmet)
rElec   .          Harm     .   (no cloak)
rCorr   .          Rampage  .   (no gloves)
Will    .....                   (no boots)
Stlth   ++........              (no amulet)
HPRegen 0.00/turn               (no ring)
MPRegen 0.09/turn               (no ring)

@: inhibited regen
A: claws 1, cold resistance 1, negative energy resistance 3, inhibited
regeneration, torment resistance 2, devour on kill
a: no special abilities


You were on level 1 of the Dungeon.
You visited 1 branch of the dungeon, and saw 1 of its levels.

You collected 47 gold pieces.


Innate Abilities, Weirdness & Mutations

You are immune to poison.
You have sharp fingernails.
Your flesh is cold resistant. (rC+)
You are immune to negative energy. (rN+++)
You do not regenerate when monsters are visible.
You are immune to unholy pain and torment.
You thrive by killing the living.


   Skills:
 + Level 1.6 Fighting
 - Level 2.0 Axes
 - Level 1.7 Dodging
 - Level 2.1 Stealth
 - Level 1.7 Spellcasting
 - Level 3.6 Summonings


You had 4 spell levels left.
You knew the following spells:

 Your Spells              Type           Power      Damage    Failure   Level
a - Summon Small Mammal   Summ           32%        N/A       8%          1

Your spell library contained the following spells:

 Spells                   Type           Power      Damage    Failure   Level
 Call Imp                 Summ           8%         N/A       11%         2
 Call Canine Familiar     Summ           8%         N/A       22%         3
 Summon Guardian Golem    Hex/Summ       4%         N/A       43%         3
 Summon Lightning Spire   Summ/Air       4%         N/A       83%         4

Inventory:

Hand Weapons
 c - a +0 short sword (weapon)
Armour
 a - a +0 robe (worn)
 h - a +0 pair of boots
Scrolls
 d - a scroll of immolation {unknown}
 e - a scroll of noise {unknown}
 f - a scroll of identify {unknown}
 g - a scroll of teleportation {unknown}
Potions
 b - a potion of magic

Dungeon Overview and Level Annotations

Branches:
Dungeon (1/15)

Altars:


Message History

The bat hits you. The bat misses you.
1850 ||| CASTING Summon Small Mammal
Casting: Summon Small Mammal (safe; 8% risk of failure)
Confirm with . or Enter, or press ? or * to list all spells.
Your rat disappears in a puff of smoke!
The bat barely misses you. x2
You closely miss the bat.
The bat is heavily wounded.
The bat hits you but does no damage.
You hit the bat.
You kill the bat!
The jackal bites you but does no damage.
You hit the jackal.
The jackal is heavily wounded.
The jackal bites you.
You barely miss the jackal.
The jackal is heavily wounded.
The jackal bites you but does no damage.
The jackal bites you.
You hit the jackal.
The jackal is severely wounded.
The jackal barely misses you. The jackal closely misses you.
You completely miss the jackal.
The jackal is severely wounded.
The jackal barely misses you.
You closely miss the jackal.
The jackal is severely wounded.
The jackal barely misses you. The jackal bites you.
You closely miss the jackal.
The jackal is severely wounded.
The jackal barely misses you.
You hit the jackal but do no damage.
The jackal is severely wounded.
The jackal closely misses you. The jackal bites you.
1860 ||| CASTING Summon Small Mammal
Casting: Summon Small Mammal (safe; 8% risk of failure)
Confirm with . or Enter, or press ? or * to list all spells.
Your rat disappears in a puff of smoke!
The jackal bites you.
You die...

### ###.# ...#
####.############
#...b.b.....)...#
#.##@##########.#
#h# #.# #B# #.#
#.# #.##### ...
## #.#.... ..#
#.. #.#.... ..#
#... #%..... #...
+....###.....
#.......%....


You could see a jackal (ally target), a giant cockroach and 2 friendly bats.

Vanquished Creatures
  A dart slug (D:1)
  A ball python (D:1)
  2 endoplasms (D:1)
  A goblin (D:1)
  2 hobgoblins (D:1)
  3 jackals (D:1)
  2 kobolds (D:1)
  2 bats (D:1)
  2 rats (D:1)
16 creatures vanquished.

Vanquished Creatures (collateral kills)
  4 endoplasms (D:1)
  A goblin (D:1)
  2 hobgoblins (D:1)
  2 ball pythons (D:1)
  2 bats (D:1)
11 creatures vanquished.

Vanquished Creatures (others)
  A plant (D:1)
1 creature vanquished.

Grand Total: 28 creatures vanquished

Notes
Turn   | Place    | Note
-------+----------+-------------------------------------------
     0 | D:1      | qw the Ghoul Summoner began the quest for the Orb.
     0 | D:1      | Reached XP level 1. HP: 14/14 MP: 2/2
     0 | D:1      | 0 ||| qw: Version: 0.1-a-116-g5d60599
     0 | D:1      | 0 ||| qw: Game counter: 7663
     0 | D:1      | 0 ||| qw: Always use a shield: true
     0 | D:1      | 0 ||| qw: God list: Okawaru
     0 | D:1      | 0 ||| qw: Allow faded altars: false
     0 | D:1      | 0 ||| qw: Do Orc after D:15 true
     0 | D:1      | 0 ||| qw: Do second Lair branch before Depths: true
     0 | D:1      | 0 ||| qw: Lair rune preference: random
     0 | D:1      | 0 ||| qw: Plans: Normal
     0 | D:1      | 0 ||| PLANNING D:1-11
     9 | D:1      | 9 ||| CASTING Summon Small Mammal
    10 | D:1      | 10 ||| CASTING Summon Small Mammal
    35 | D:1      | 35 ||| CASTING Summon Small Mammal
    37 | D:1      | 37 ||| CASTING Summon Small Mammal
    54 | D:1      | 54 ||| CASTING Summon Small Mammal
    60 | D:1      | 60 ||| CASTING Summon Small Mammal
    91 | D:1      | 91 ||| CASTING Summon Small Mammal
    93 | D:1      | 93 ||| CASTING Summon Small Mammal
    96 | D:1      | 96 ||| Stepping ~*~*~tactically~*~*~ (outnumbered).
    97 | D:1      | 97 ||| Stepping ~*~*~tactically~*~*~ (outnumbered).
   101 | D:1      | HP: 1/14 [hobgoblin (5)]
   104 | D:1      | Reached skill level 1 in Axes
   420 | D:1      | 420 ||| CASTING Summon Small Mammal
   421 | D:1      | 421 ||| CASTING Summon Small Mammal
   447 | D:1      | 447 ||| Wielding weapon +0 short sword.
   492 | D:1      | 492 ||| CASTING Summon Small Mammal
   493 | D:1      | 493 ||| CASTING Summon Small Mammal
   505 | D:1      | 505 ||| CASTING Summon Small Mammal
   508 | D:1      | Reached XP level 2. HP: 12/22 MP: 0/3
   646 | D:1      | 646 ||| CASTING Summon Small Mammal
   647 | D:1      | 647 ||| CASTING Summon Small Mammal
   648 | D:1      | 648 ||| CASTING Summon Small Mammal
   653 | D:1      | Reached skill level 1 in Fighting
   710 | D:1      | 710 ||| CASTING Summon Small Mammal
   711 | D:1      | 711 ||| CASTING Summon Small Mammal
   712 | D:1      | 712 ||| CASTING Summon Small Mammal
   750 | D:1      | 750 ||| CASTING Summon Small Mammal
   751 | D:1      | 751 ||| CASTING Summon Small Mammal
   752 | D:1      | 752 ||| CASTING Summon Small Mammal
   807 | D:1      | 807 ||| CASTING Summon Small Mammal
   808 | D:1      | 808 ||| CASTING Summon Small Mammal
   809 | D:1      | 809 ||| CASTING Summon Small Mammal
   818 | D:1      | HP: 4/23 [rat (2)]
   819 | D:1      | 819 ||| CASTING Summon Small Mammal
  1106 | D:1      | 1106 ||| CASTING Summon Small Mammal
  1107 | D:1      | 1107 ||| CASTING Summon Small Mammal
  1108 | D:1      | 1108 ||| CASTING Summon Small Mammal
  1151 | D:1      | 1151 ||| CASTING Summon Small Mammal
  1152 | D:1      | 1152 ||| CASTING Summon Small Mammal
  1153 | D:1      | 1153 ||| CASTING Summon Small Mammal
  1163 | D:1      | 1163 ||| CASTING Summon Small Mammal
  1202 | D:1      | 1202 ||| CASTING Summon Small Mammal
  1203 | D:1      | 1203 ||| CASTING Summon Small Mammal
  1204 | D:1      | 1204 ||| CASTING Summon Small Mammal
  1239 | D:1      | 1239 ||| Stepping ~*~*~tactically~*~*~ (stealth).
  1241 | D:1      | 1241 ||| Stepping ~*~*~tactically~*~*~ (stealth).
  1243 | D:1      | 1243 ||| CASTING Summon Small Mammal
  1244 | D:1      | 1244 ||| CASTING Summon Small Mammal
  1245 | D:1      | 1245 ||| CASTING Summon Small Mammal
  1251 | D:1      | HP: 5/23 [ball python (3)]
  1252 | D:1      | HP: 2/23 [ball python (2)]
  1550 | D:1      | 1550 ||| CASTING Summon Small Mammal
  1551 | D:1      | 1551 ||| CASTING Summon Small Mammal
  1552 | D:1      | 1552 ||| CASTING Summon Small Mammal
  1553 | D:1      | Reached XP level 3. HP: 28/28 MP: 0/4
  1597 | D:1      | 1597 ||| CASTING Summon Small Mammal
  1598 | D:1      | 1598 ||| CASTING Summon Small Mammal
  1599 | D:1      | 1599 ||| CASTING Summon Small Mammal
  1600 | D:1      | 1600 ||| CASTING Summon Small Mammal
  1608 | D:1      | 1608 ||| CASTING Summon Small Mammal
  1660 | D:1      | 1660 ||| CASTING Summon Small Mammal
  1661 | D:1      | 1661 ||| CASTING Summon Small Mammal
  1662 | D:1      | 1662 ||| CASTING Summon Small Mammal
  1663 | D:1      | 1663 ||| CASTING Summon Small Mammal
  1753 | D:1      | 1753 ||| CASTING Summon Small Mammal
  1754 | D:1      | 1754 ||| CASTING Summon Small Mammal
  1755 | D:1      | 1755 ||| CASTING Summon Small Mammal
  1756 | D:1      | 1756 ||| CASTING Summon Small Mammal
  1798 | D:1      | 1798 ||| CASTING Summon Small Mammal
  1799 | D:1      | 1799 ||| CASTING Summon Small Mammal
  1800 | D:1      | 1800 ||| CASTING Summon Small Mammal
  1801 | D:1      | 1801 ||| CASTING Summon Small Mammal
  1809 | D:1      | 1809 ||| CASTING Summon Small Mammal
  1819 | D:1      | 1819 ||| CASTING Summon Small Mammal
  1830 | D:1      | 1830 ||| CASTING Summon Small Mammal
  1840 | D:1      | 1840 ||| CASTING Summon Small Mammal
  1850 | D:1      | 1850 ||| CASTING Summon Small Mammal
  1853 | D:1      | HP: 6/29 [jackal (2)]
  1859 | D:1      | HP: 1/29 [jackal (2)]
  1860 | D:1      | 1860 ||| CASTING Summon Small Mammal
  1860 | D:1      | Slain by a jackal

Levels and vault maps discovered:
D:1:      eino_arrival_tree_alley, layout_basic, hex_intersection, st_stairs_12,
          minmay_misc_feat_roman, nrook_mini_backslash

Skill      XL: |  1  2  3 |
---------------+----------+-----
Axes           | 1 2 |  2.0
Fighting       | 1 |  1.6
Dodging        | |  1.7
Stealth        | |  2.1
Spellcasting   | |  1.7
Summonings     | |  3.6

Action                   || total
-------------------------++-------
Melee: Unarmed           ||    10
       Short sword       ||    88
       Punch             ||     1
 Cast: Summon Small Mamm ||    57
Armor: Robe              ||    25
Dodge: Dodged            ||    65

Table legend:
 A = Non-vault XP
 B = Vault XP
 C = Vault XP percentage of total XP
 D = Non-vault monster count
 E = Vault monster count
 F = Vault count percentage of total count
                 A         B        C        D         E       F
            +---------+---------+-------+---------+---------+-------
      Total |      48 |       1 |   2.0 |      26 |       1 |   3.7
            +---------+---------+-------+---------+---------+-------
        D:1 |      48 |       1 |   2.0 |      26 |       1 |   3.7
            +---------+---------+-------+---------+---------+-------
